 Dungeon Crawl Stone Soup version 0.28-a0-1033-g1a2f33fa85 (webtiles) character file.

Game seed: 14915765942282936344

40 mainiacjoe the Twirler (level 3, 0/28 HPs)
             Began as a Demonspawn Gladiator on Dec 8, 2021.
             Slain by Sigmund (2 damage)
             ... on level 2 of the Dungeon.
             The game lasted 00:02:57 (1782 turns).

mainiacjoe the Twirler (Demonspawn Gladiator)       Turns: 1782, Time: 00:02:58

Health: 0/28       AC:  5    Str: 16    XL:     3   Next: 30%
Magic:  3/3        EV: 12    Int:  9    God:
Gold:   87         SH:  0    Dex: 14    Spells: 2/2 levels left

rFire   . . .      SeeInvis .   a - +0 quarterstaff
rCold   + . .      Faith    .   (shield currently unavailable)
rNeg    . . .      Spirit   .   j - +0 leather armour
rPois   .          Reflect  .   c - +0 helmet
rElec   .          Harm     .   (no cloak)
rCorr   .          Rampage  .   (no gloves)
Will    .....                   (no boots)
Stlth   +.........              (no amulet)
HPRegen 0.09/turn               h - ring of protection from cold
MPRegen 0.08/turn               (no ring)

@: no status effects
A: rugged brown scales 1, powered by pain 1
a: no special abilities


You were on level 2 of the Dungeon.
You visited 1 branch of the dungeon, and saw 2 of its levels.

You collected 87 gold pieces.

Inventory:

Hand Weapons
 a - a +0 quarterstaff (weapon)
 b - a +0 hunting sling
Missiles
 d - 3 throwing nets {=F}
 f - 8 poisoned darts (quivered)
 i - 14 stones
Armour
 c - a +0 helmet (worn)
 j - a +0 leather armour (worn)
 l - a +0 plate armour
Jewellery
 h - a ring of protection from cold (left hand)
Wands
 g - a wand of digging (9)
Scrolls
 e - a scroll of silence
 m - 3 scrolls of teleportation
 n - a scroll of blinking {unknown}
Potions
 k - a potion of heal wounds
 o - a potion of haste {unknown}


   Skills:
 + Level 2.4 Fighting
 * Level 3.4 Staves
 - Level 1.7 Throwing
 + Level 3.0 Dodging


You had 2 spell levels left.
You didn't know any spells.
Your spell library contained the following spells:

 Spells                   Type           Power      Damage    Failure   Level
 Slow                     Hex            0%         N/A       45%         1
 Confusing Touch          Hex            0%         N/A       83%         3
 Yara's Violent Unravell  Hex/Tmut       0%         3d3       100%        5


Dungeon Overview and Level Annotations

Branches:
Dungeon (2/15)

Altars:

Annotations:
D:2 Sigmund


Innate Abilities, Weirdness & Mutations

You are partially covered in rugged brown scales. (AC +1, +3% HP)
You sometimes gain a little power by taking damage.


Message History

A goblin comes into view. It is wielding a +0 club.
The goblin shouts!
You shoot a stone. The stone closely misses the goblin.
a - a +0 quarterstaff (weapon)
The goblin hits you with a +0 club.
You sock the goblin!
You kill the goblin!
No target in view!
b - a +0 hunting sling (weapon)
Things that are here:
a +0 club; a goblin corpse
i - 14 stones (gained 1)
You now have 87 gold pieces (gained 11).
Sigmund the Dreaded comes into view.
He is wielding a +2 vorpal scythe.
Sigmund shouts!
a - a +0 quarterstaff (weapon)
You throw a poisoned dart. The poisoned dart hits Sigmund.
Sigmund is poisoned.
You throw a poisoned dart. The poisoned dart hits Sigmund.
Sigmund looks even sicker.
You throw a poisoned dart. The poisoned dart hits Sigmund.
Sigmund looks even sicker.
Sigmund is lightly wounded.
Sigmund gestures at you while chanting.
The puff of flame hits you but does no damage.
You throw a poisoned dart. The poisoned dart hits Sigmund.
Sigmund is lightly wounded.
Sigmund hits you with a +2 vorpal scythe.
You hit Sigmund.
Sigmund is heavily wounded.
Sigmund hits you with a +2 vorpal scythe.
You hit Sigmund.
Sigmund is severely wounded.
You barely miss Sigmund.
Sigmund is severely wounded.
Sigmund hits you with a +2 vorpal scythe!
You hit Sigmund.
Sigmund is almost dead.
Sigmund hits you with a +2 vorpal scythe!
* * * LOW HITPOINT WARNING * * *
You die...

..........##.#.##
......######..##.#...
..... #..##..... ...#
#..####### #..#
#..####### #..#
#......... ##..#
##..######
##...##########.#
#....@@(((... #.#
##.#.######## #.#
##.#.# #.#### #..#.#
# #....# #.##.#
####.####.# #.##..
..#.# #.# # #.####
....###.### #....#
#.#.#.##.##. ####.#
#...........


You could see Sigmund (very poisoned).

Vanquished Creatures
  An adder (D:2)
  A dart slug (D:1)
  2 ball pythons (D:1)
  4 endoplasms
  2 giant cockroaches (D:1)
  2 hobgoblins
  3 quokkas
  3 bats
  A frilled lizard (D:2)
  4 goblins
  2 kobolds (D:1)
  2 rats (D:2)
27 creatures vanquished.

Notes
Turn   | Place    | Note
-------+----------+-------------------------------------------
     0 | D:1      | mainiacjoe the Demonspawn Gladiator began the quest for the
                  | Orb.
     0 | D:1      | Reached XP level 1. HP: 16/16 MP: 1/1
   509 | D:1      | Gained mutation: You are partially covered in rugged brown
                  | scales. (AC +1, +3% HP) [demonic ancestry]
   509 | D:1      | Reached XP level 2. HP: 16/22 MP: 2/2
  1289 | D:2      | Gained mutation: You sometimes gain a little power by
                  | taking damage. [demonic ancestry]
  1289 | D:2      | Reached XP level 3. HP: 19/28 MP: 3/3
  1772 | D:2      | Noticed Sigmund
  1782 | D:2      | Slain by Sigmund

Illustrated notes

Levels and vault maps discovered:
D:1:      dpeg_arrival_orchard, layout_basic, minmay_misc_feat_more_columns
D:2:      layout_loops_ring, basic_ecumenical_altar, cheibrodos_gnoll_hut,
          uniq_sigmund

Skill      XL: |  1  2 |
---------------+-------+-----
Staves         | 3 |  3.4
Dodging        | 3 |  3.0
Fighting       | |  2.4
Throwing       | |  1.7

Action                   || total
-------------------------++-------
Melee: Quarterstaff      ||    39
 Fire: Hunting sling     ||    32
Throw: Dart              ||    33
  Use: Scroll            ||     3
Armor: Leather armour    ||    15
Dodge: Dodged            ||    25

Table legend: (Time is in decaauts)
 A = Elapsed time spent in this place.
 B = Non-inter-level travel time spent in this place.
 C = Inter-level travel time spent in this place.
 D = Time resting spent in this place.
 E = Time spent auto-exploring this place.
 F = Levels seen in this place.
 G = Mean time per level.
                   A        B        C        D        E       F      G
               +--------+--------+--------+--------+--------+-----+--------+
         Total |   1783 |   1726 |     57 |      0 |   1498 |   2 |  891.5 |
       Dungeon |   1783 |   1726 |     57 |      0 |   1498 |   2 |  891.5 |
               +--------+--------+--------+--------+--------+-----+--------+

Top non-repeatable levels by time:
     D:1: 1261 daAuts
     D:2: 521 daAuts
